 Dungeon Crawl Stone Soup version 0.25.0-46-gbd7b0854d2 (webtiles) character file.

Game seed: 5971526883690032625

1997 Descartes the Covert (level 9, -1/60 HPs)
             Began as a Felid Wanderer on July 17, 2020.
             Was an Elder of Elyvilon.
             Slain by an ice beast (10 damage)
             ... in an ice cave.
             The game lasted 00:34:20 (18486 turns).

Descartes the Covert (Felid Wanderer)              Turns: 18486, Time: 00:34:21

Health: -1/60      AC: 24    Str:  9    XL:     9   Next: 2%
Magic:  4/15       EV:  4    Int: 14    God:    Elyvilon [****..]
Gold:   432        SH:  0    Dex: 16    Spells: 3/15 levels left
                                        Lives:  0   Deaths: 2

rFire    . . .     SeeInvis +     - Unarmed
rCold    . . .     Gourm    .   (shield unavailable)
rNeg     + + +     Faith    .   (armour unavailable)
rPois    +         Spirit   .   (helmet unavailable)
rElec    .         Reflect  .   (cloak unavailable)
rCorr    .         Harm     .   (gloves unavailable)
MR       +....     NoTele   +   (boots unavailable)
Stlth    ++++++....             (no amulet)
HPRegen  0.20/turn              e - ring "Qicopsan" {+Fly Str-2 Slay+6}
MPRegen  0.14/turn              (no ring)

@: tree-form, very slightly contaminated
A: very small, no armour, no weapons or thrown items, stealth, see invisible,
carnivore, slow metabolism 1
a: Lesser Healing, Heal Other, Purification, Greater Healing, Divine Protection,
Renounce Religion


You were in an ice cave.
You worshipped Elyvilon.
Elyvilon was greatly pleased with you.
You were not hungry.
You were a tree.
You visited 2 branches of the dungeon, and saw 12 of its levels.
You also visited: Ice Cave.

You collected 546 gold pieces.
You spent 114 gold pieces at shops.

Inventory:

Missiles
 h - 172 stones
 l - 134 arrows
Jewellery
 e - the ring "Qicopsan" (left branch) {+Fly Str-2 Slay+6}
   (You found it on level 5 of the Dungeon)

   [ring of flight]

   It affects your strength (-2).
   It affects your accuracy and damage with ranged weapons and melee attacks
   (+6).
   It lets you fly.
 r - an uncursed ring of protection from magic {unknown}
Wands
 j - a wand of polymorph (15)
 n - a wand of acid (7)
 p - a wand of iceblast (22)
 u - a wand of flame (16)
 w - a wand of enslavement (5)
 y - a wand of disintegration (13)
Scrolls
 c - 5 scrolls of teleportation
 f - 2 scrolls of identify
 g - 2 scrolls of magic mapping
 i - a scroll of amnesia
 k - a scroll of fear
 m - 4 scrolls of blinking
 o - 3 scrolls of remove curse
Potions
 a - a potion of haste
 q - 2 potions of might
 s - 2 potions of brilliance
 t - 3 potions of flight
 x - a potion of invisibility {unknown}
 z - a potion of mutation {unknown}
Comestibles
 d - 15 rations


   Skills:
 - Level 5.0 Fighting
 + Level 9.3 Dodging
 * Level 13.4 Stealth
 + Level 6.2 Unarmed Combat
 + Level 3.7 Spellcasting
 - Level 5.0 Transmutations
 + Level 3.1 Invocations
 + Level 4.2 Evocations


You had 3 spell levels left.
You knew the following spells:

 Your Spells              Type           Power        Failure   Level  Hunger
a - Beastly Appendage     Tmut           ###...       2%          1    None
b - Sticks to Snakes      Tmut           ###.....     3%          2    ##.....
c - Blade Hands           Tmut           ###.......   56%         5    ######.
d - Sticky Flame          Conj/Fire      #.......     89%         4    ####...

Your spell library contained the following spells:

 Spells                   Type           Power        Failure   Level  Hunger
 Foxfire                  Conj/Fire      #...         21%         1    None
 Spider Form              Tmut/Pois      #.........   22%         3    ###....
 Conjure Flame            Conj/Fire      #.......     52%         3    ###....
 Inner Flame              Hex/Fire       #.......     52%         3    ###....
 Ice Form                 Ice/Tmut       #.......     56%         4    ####...
 Fireball                 Conj/Fire      #.........   99%         5    ######.
 Metabolic Englaciation   Hex/Ice        #.........   99%         5    ######.
 Freezing Cloud           Conj/Ice/Air   #.........   100%        6    #######
 Ozocubu's Refrigeration  Ice            #.........   100%        6    #######
 Simulacrum               Ice/Necr       #.........   100%        6    #######


Dungeon Overview and Level Annotations

Branches:
Dungeon (11/15)            Temple (1/1) D:7            Lair (0/6) D:10
    Orc (0/2) D:11          IceCv (1/1)

Altars:
Ashenzari
Cheibriados
Dithmenos
Elyvilon
Fedhas
Gozag
Hepliaklqana
Kikubaaqudgha
Makhleb
Nemelex Xobeh
Okawaru
Qazlal
Ru
Sif Muna
Trog
Uskayaw
Vehumet
Wu Jian
Xom
Yredelemnul
Zin
The Shining One

Shops:
D:9 ?   D:10 %

Annotations:
D:10 exclusions: basilisk, death yak and elephant, Urug


Innate Abilities, Weirdness & Mutations

You cannot wear armour.
You are incapable of wielding weapons or throwing items.
Your paws allow you to move quietly. (Stealth)
((You have sharp claws.))
((You have razor-sharp teeth.))
You have supernaturally acute eyesight. (SInv)
You are carnivorous and can eat meat at any time.
((You cover ground quickly.))
((You are covered in thick fur. (AC +2)))
You have a slow metabolism.
((Your sharp claws are effective at attacking unaware monsters.))


Message History

Your ball python dies!
Your adder misses the ice beast. The ice beast completely misses you.
The ice beast closely misses you. The ice beast hits you.
The ice beast freezes you.
Your adder bites the ice beast.
There is an ice covered gate leading back out of this place here.
You scratch the ice beast.
You kill the ice beast!
Welcome back to level 9!
The ice beast hits you. The ice beast freezes you!
* * * LOW HITPOINT WARNING * * *
Your adder barely misses the ice beast.
You are a level 9 Felid Wanderer.
You are 2% of the way to level 10.
You'll get an extra life in 1.98 levels' worth of XP.
Play time: 00:34:05 (18486 turns)
Your horns disappear.
You turn into a tree.
Your roots penetrate the ground.
The ice beast hits you.
* * * LOW HITPOINT WARNING * * *
The ice beast freezes you!
You die...

#######
##.....##
##..Y♣...##
##...YYS...##
#.....u.....#
#...........#
#...........#
#.............#
#.Y..8...8..Y.#
#....../......#
##....(©=....##


You could see a white ugly thing, 5 ice beasts and a friendly adder.

Vanquished Creatures
  An unseen horror (D:10)
  Maurice (D:9)
  The ghost of Tali the Chopper, a novice DsBe of Trog (D:6)
  2 trolls (D:9)
  A hippogriff (D:10)
  A hungry ghost (D:7)
  2 black bears
  An orc warrior (D:7)
  3 ice beasts
  A necrophage (D:9)
  3 sky beasts
  3 ogres
  5 centaurs
  A crocodile (D:10)
  7 bullfrogs
  2 gnoll sergeants
  A wyvern skeleton (D:8)
  2 scorpions
  2 jellies
  4 killer bees
  4 wights (D:6)
  5 howler monkeys
  A bullfrog zombie (D:5)
  4 crimson imps
  4 orc priests
  6 hounds
  2 orc wizards
  2 centaur skeletons
  2 iguanas
  5 worker ants
  A killer bee zombie (D:9)
  A hound skeleton (D:6)
  2 worker ant zombies
  14 adders
  14 gnolls
  4 shadow imps
  An ooze (D:3)
  An adder skeleton (D:8)
  An adder zombie (D:7)
  5 dart slugs
  8 leopard geckos
  34 orcs
  6 bats
  5 giant cockroaches
  6 goblins
  7 hobgoblins
  14 jackals
  3 quokkas
  5 frilled lizards
  5 kobolds
  A leopard gecko skeleton (D:6)
  A quokka zombie (D:7)
  8 rats
226 creatures vanquished.

Notes
Turn   | Place    | Note
-------+----------+-------------------------------------------
     0 | D:1      | Descartes the Felid Wanderer began the quest for the Orb.
     0 | D:1      | Descartes set off with the following items: 2 potions of
                  | heal wounds, a potion of lignification, a scroll of
                  | teleportation, a ration
     0 | D:1      | Reached XP level 1. HP: 10/10 MP: 3/3
    64 | D:1      | Reached skill level 3 in Stealth
   229 | D:1      | Reached skill level 1 in Dodging
   266 | D:1      | Reached XP level 2. HP: 14/14 MP: 4/4
  1328 | D:2      | Reached skill level 4 in Stealth
  1342 | D:2      | Reached XP level 3. HP: 17/17 MP: 5/5
  1906 | D:1      | Reached XP level 4. HP: 17/21 MP: 6/6
  1909 | D:1      | Reached skill level 5 in Stealth
  2470 | D:2      | Found an ornate altar of the Wu Jian Council.
  2914 | D:3      | Reached XP level 5. HP: 18/24 MP: 7/7
  3409 | D:3      | Reached skill level 5 in Dodging
  4101 | D:4      | Found a burning altar of Makhleb.
  4132 | D:4      | Found a stormy altar of Qazlal.
  4176 | D:4      | Found a white marble altar of Elyvilon.
  4197 | D:4      | Became a worshipper of Elyvilon the Healer
  4212 | D:4      | Noticed an ogre
  4216 | D:4      | Killed an ogre
  4216 | D:4      | Gained mutation: You are covered in thick fur. (AC +2)
                  | [Felid growth]
  4216 | D:4      | Reached XP level 6. HP: 28/28 MP: 8/8
  4395 | D:4      | Found a glowing golden altar of the Shining One.
  4591 | D:4      | Reached skill level 6 in Stealth
  4695 | D:5      | Entered Level 5 of the Dungeon
  4872 | D:5      | Got a pitted glass ring
  4996 | D:5      | Reached XP level 7. HP: 20/33 MP: 9/9
  5199 | D:5      | Reached * piety under Elyvilon
  5819 | D:5      | Reached skill level 7 in Stealth
  5992 | D:5      | Reached skill level 5 in Fighting
  5992 | D:5      | Reached skill level 5 in Unarmed Combat
  6119 | D:5      | Reached skill level 8 in Stealth
  6439 | D:5      | Learned a level 1 spell: Beastly Appendage
  6548 | D:5      | Elyvilon protects you from harm!
  6552 | D:5      | HP: 1/33 [poisoned by an adder]
  6570 | D:5      | Reached skill level 1 in Transmutations
  6882 | D:5      | Learned a level 2 spell: Sticks to Snakes
  6891 | D:6      | Found a shimmering altar of Xom.
  6891 | D:6      | Found a basalt altar of Yredelemnul.
  6892 | D:6      | Found a glowing silver altar of Zin.
  6893 | D:6      | Found an iron altar of Okawaru.
  6894 | D:6      | Found a sacrificial altar of Ru.
  7009 | D:6      | Reached ** piety under Elyvilon
  7080 | D:6      | Found a runed translucent door.
  7088 | D:6      | Reached XP level 8. HP: 37/37 MP: 10/10
  7232 | D:5      | Reached skill level 1 in Spellcasting
  7671 | D:6      | Reached skill level 9 in Stealth
  8299 | D:6      | Reached skill level 10 in Stealth
  8789 | D:6      | HP: 1/37 [worker ant (3)]
  8805 | D:6      | HP: 2/55 [poisoned by a worker ant]
  9181 | D:6      | Noticed Tali's ghost (novice DsBe)
  9193 | D:6      | Killed Tali's ghost
  9193 | D:6      | Reached skill level 11 in Stealth
  9279 | D:7      | Found a staircase to the Ecumenical Temple.
  9423 | D:7      | Reached XP level 9. HP: 5/40 MP: 13/13
 10279 | D:7      | Identified the ring "Qicopsan" {+Fly Str-2 Slay+6} (You
                  | found it on level 5 of the Dungeon)
 10445 | Temple   | Entered the Ecumenical Temple
 10563 | D:7      | Reached *** piety under Elyvilon
 10743 | D:8      | Learned a level 5 spell: Blade Hands
 10748 | D:8      | Learned a level 4 spell: Sticky Flame
 10771 | D:8      | Found a white marble altar of Elyvilon.
 10938 | D:8      | HP: 2/40 [ice beast (11)]
 11293 | D:7      | Reached skill level 12 in Stealth
 11950 | D:7      | Reached skill level 1 in Invocations
 12150 | D:7      | Found a staircase to the Ecumenical Temple.
 13695 | D:9      | Noticed a troll
 13963 | D:9      | Reached **** piety under Elyvilon
 14427 | D:9      | Noticed Maurice
 14445 | D:9      | Found Xiofarch's Magic Scroll Shop.
 14454 | D:9      | Bought a scroll of blinking for 90 gold pieces
 14454 | D:9      | Bought a scroll of identify for 24 gold pieces
 15148 | D:9      | Killed a troll
 15407 | D:9      | Killed Maurice
 15407 | D:9      | Reached XP level 10. HP: 44/44 MP: 11/15
 15885 | D:10     | Entered Level 10 of the Dungeon
 16092 | D:10     | Found Kayreqag's Food Shop.
 16398 | D:9      | Reached skill level 13 in Stealth
 16536 | D:9      | Found Xiofarch's Magic Scroll Shop.
 16916 | D:10     | Noticed a death yak
 16917 | D:10     | Found a staircase to the Lair.
 16918 | D:10     | Noticed an elephant
 17736 | D:10     | Noticed an unseen horror
 17748 | D:10     | HP: 2/44 [unseen horror (11)]
 17749 | D:10     | Elyvilon protects you from harm!
 17751 | D:10     | Mangled by an unseen horror
 17752 | D:10     | Reached XP level 9. HP: -7/40 MP: 15/15
 17761 | D:10     | Noticed Urug
 18098 | D:9      | Slain by an elephant
 18099 | D:9      | Reached XP level 8. HP: -1/37 MP: 14/14
 18212 | D:10     | Killed an unseen horror
 18212 | D:10     | Reached skill level 5 in Transmutations
 18465 | D:11     | Found a frozen archway.
 18474 | IceCv    | Entered an ice cave
 18474 | IceCv    | Noticed a white ugly thing
 18485 | IceCv    | Reached XP level 9. HP: 20/40 MP: 4/15
 18486 | IceCv    | Slain by an ice beast

Illustrated notes

Levels and vault maps discovered:
D:1:      saegor_arrival_simple_a, layout_loops_corners,
          hangedman_feature_mirror
D:2:      layout_loops_cross, marbit_many_paths
D:3:      layout_rooms, minmay_misc_feat_pillars
D:4:      layout_rooms, kennysheep_little_box, lemuel_crystal_altar,
          nicolae_tso_swordbearing_angel, elyvilon_altar_5
D:5:      layout_loops_corners, first_ration
D:6:      layout_basic, grunt_temple_overflow_open,
          ebering_ghost_reflecting_pool, minmay_misc_feat_ornament
D:7:      layout_basic, minmay_temple_entry_statues_pillars
D:8:      layout_loops_ring, basic_altar
D:9:      layout_roguey, serial_shops, shop, uniq_maurice
D:10:     layout_basic, david_lair_generic, serial_shops, shop, uniq_urug
D:11:     layout_irregular_city, orc_0_dummy, portal_ice_cave_entry_pillars_1,
          hangedman_little_slice_of_home, nicolae_ashenzari_panopticon
Temple:   nicolae_temple_god_jail
IceCv:    ice_cave_statue_garden_transporter

Skill      XL: |  1  2  3  4  5  6  7  8  9 10 |
---------------+-------------------------------+-----
Stealth        | 3 4 5 6 8 11 12 13 | 13.4
Dodging        | 1 2 3 4 5 7 8 9 |  9.3
Fighting       | 4 5 |  5.0
Unarmed Combat | 4 5 6 |  6.2
Transmutations | 1 5 4 |  5.0
Spellcasting   | 2 3 |  3.7
Invocations    | 3 2 |  3.1
Evocations     | 3 4 |  4.2

Action                   |  1- 3 |  4- 6 |  7- 9 | 10-12 || total
-------------------------+-------+-------+-------+-------++-------
Melee: Unarmed           |   100 |   232 |   566 |    94 ||   992
       Bite              |    13 |    16 |    61 |     6 ||    96
       Punch             |     3 |       |     9 |     2 ||    14
       Headbutt          |       |       |     7 |     4 ||    11
 Cast: Sticks to Snakes  |       |       |    19 |     3 ||    22
       Beastly Appendage |       |       |     9 |     1 ||    10
Evoke: Wand              |       |       |     5 |       ||     5
  Use: Scroll            |       |     5 |     9 |       ||    14
       Potion            |       |     1 |     7 |     1 ||     9
 Stab: Sleeping          |     3 |     8 |    19 |     1 ||    31
       Distracted        |       |       |     4 |     3 ||     7
  Eat: Chunk             |     9 |     6 |    31 |     4 ||    50
Armor: Skin              |     4 |    14 |    26 |     5 ||    49
Dodge: Dodged            |    77 |   180 |   544 |   101 ||   902
